Map: Sanctuary III LE

Players

Fjant - Winner!

  • Race: Zerg Zerg
  • League: Grandmaster
  • Spawn Location: 7:00

SKillous

  • Race: Protoss Protoss
  • League: Grandmaster
  • Spawn Location: 1:00

Event: HomeStory Cup XXIX

VOD

Have the link to the VOD?

Description

Time

  • Played on: July 4, 2026, 2:42 p.m.
  • Length: 10:17

All games in this series

Show
View Real Time Build Order
Export as new Build Order

Fjant Zerg - Winner!

Build Orders: Hatch First 

Get SALT Encoding   

  8  0:00  Drone  
  9  0:11  Drone  
  10  0:16  Drone  
  11  0:22  Drone  
  12  0:33  Overlord  
  12  0:51  Drone x2  
  12  0:53  Drone  
  15  1:01  Drone  
  16  1:15  Hatchery  
  16  1:18  Drone  
  16  1:22  Drone  
  16  1:24  Extractor  
  17  1:32  Drone  
  17  1:41  Spawning Pool  
  17  1:45  Drone  
  17  1:55  Drone  
  18  2:02  Drone  
  19  2:11  Overlord  
  19  2:21  Drone  
  20  2:28  Metabolic Boost  
  20  2:30  Queen  
  20  2:35  Queen  
  24  2:39  Drone  
  24  2:41  Drone  
  26  2:45  Zergling x2  
  26  2:47  Zergling x2  
  26  2:50  Drone  
  29  2:55  Overlord  
  29  2:58  Drone  
  30  3:07  Queen  
  32  3:21  Hatchery  
  32  3:22  Zergling x2  
  32  3:25  Zergling x2  
  32  3:27  Zergling x2  
  33  3:35  Drone x3  
  36  3:42  Drone x3  
  38  3:52  Drone  
  39  4:02  Overlord x2  
  39  4:04  Overlord  
  39  4:11  Overlord  
  39  4:14  Queen  
  40  4:20  Overlord  
  40  4:22  Drone x6  
  44  4:26  Drone  
  45  4:32  Zergling x2  
  45  4:33  Queen  
  45  4:37  Overlord  
  49  4:38  Drone  
  49  4:41  Zergling x4  
  49  4:45  Drone x2  
  52  4:47  Drone  
  52  4:50  Zergling x2  
  52  4:52  Drone x3  
  57  4:55  Drone  
  57  4:58  Drone  
  59  5:01  Drone  
  59  5:04  Spore Crawler  
  59  5:05  Drone x2, Spore Crawler  
  60  5:14  Drone x5  
  65  5:28  Drone  
  65  5:30  Lair, Drone  
  65  5:31  Drone x4  
  65  5:32  Roach Warren  
  69  5:36  Zergling x8  
  69  5:41  Extractor x2  
  69  5:42  Zergling x6  
  74  5:46  Drone  
  74  5:47  Drone x3  
  77  5:56  Extractor  
  76  6:00  Drone x2  
  76  6:03  Zergling x4, Overlord  
  79  6:08  Zergling x6  
  80  6:12  Roach  
  80  6:14  Overlord x2  
  80  6:15  Overlord  
  82  6:21  Roach  
  82  6:25  Roach x4  
  90  6:30  Zergling x4  
  91  6:33  Glial Reconstitution  
  91  6:35  Hydralisk Den  
  91  6:36  Zergling x12  
  96  6:44  Roach x6  
  107  6:47  Zergling x2  
  107  6:56  Zergling x6  
  107  6:58  Zergling x2  
  100  7:02  Zergling x2  
  100  7:07  Roach  
  97  7:10  Muscular Augments  
  97  7:11  Zergling x8  
  99  7:16  Zergling x2  
  99  7:19  Zergling x2  
  99  7:22  Zergling x2  
  102  7:24  Hatchery  
  102  7:26  Drone  
  102  7:28  Ravager x5  
  107  7:30  Zergling x2  
  107  7:34  Zergling x2  
  106  7:38  Extractor  
  106  7:39  Drone x2, Extractor  
  106  7:42  Drone  
  107  7:47  Drone  
  107  7:50  Drone  
  107  7:51  Drone  
  101  8:01  Zergling x12  
  100  8:12  Hydralisk x6  
  87  8:20  Hydralisk x5  
  87  8:23  Grooved Spines  
  87  8:25  Queen x2  
  99  8:28  Hydralisk  
  99  8:31  Zergling x4  
  103  8:34  Zergling x2  
  103  8:38  Hydralisk x2  
  108  8:44  Hydralisk x2  
  108  8:47  Zergling x2  
  113  8:49  Hydralisk x3  
  113  8:52  Zergling x4  
  120  8:57  Overlord x5  
  118  9:09  Hydralisk  
  116  9:10  Hydralisk  
  116  9:16  Zergling x4  
  116  9:17  Zergling x14, Hydralisk x2  
  129  9:19  Zergling x2  
  134  9:26  Hydralisk x3  
  134  9:30  Hydralisk x2  
  144  9:32  Zergling x4  
  145  9:39  Hydralisk x3  
  139  9:57  Zergling x6  
Show
View Real Time Build Order
Export as new Build Order

SKillous Protoss 

Build Orders: 1 Gate Expand, Oracle Opening 

Get SALT Encoding   

  8  0:00  Probe (Chrono Boost)  
  9  0:12  Probe (Chrono Boost)  
  10  0:17  Probe (Chrono Boost)  
  11  0:27  Probe  
  12  0:32  Pylon  
  12  0:39  Probe  
  13  0:51  Probe  
  14  0:57  Gateway  
  14  1:04  Probe (Chrono Boost)  
  15  1:13  Probe (Chrono Boost)  
  15  1:18  Probe (Chrono Boost)  
  17  1:30  Probe  
  18  1:41  Nexus  
  18  1:47  Assimilator  
  18  1:57  Cybernetics Core  
  18  2:00  Probe  
  19  2:05  Assimilator  
  19  2:12  Probe  
  20  2:15  Pylon  
  20  2:24  Probe  
  21  2:30  Adept (Chrono Boost)  
  21  2:36  Probe  
  25  2:51  Probe (Chrono Boost)  
  25  2:54  Probe (Chrono Boost)  
  25  2:55  Stargate  
  26  2:59  Adept  
  26  3:03  Probe (Chrono Boost)  
  26  3:04  Probe (Chrono Boost)  
  30  3:08  Probe (Chrono Boost)  
  30  3:09  Warp Gate  
  32  3:15  Probe (Chrono Boost)  
  33  3:20  Probe (Chrono Boost)  
  34  3:29  Probe x2 (Chrono Boost)  
  34  3:31  Adept  
  37  3:35  Pylon  
  37  3:38  Probe  
  38  3:42  Oracle (Chrono Boost)  
  38  3:45  Probe  
  42  3:53  Probe  
  42  3:54  Gateway  
  43  3:57  Probe  
  43  4:01  Pylon  
  44  4:05  Pylon  
  44  4:06  Stalker  
  44  4:08  Probe  
  47  4:10  Probe  
  48  4:20  Probe  
  47  4:26  Probe  
  48  4:32  Probe  
  48  4:37  Nexus  
  49  4:39  Probe, Pylon  
  49  4:43  Assimilator x2  
  49  4:44  Probe  
  51  4:50  Oracle  
  51  4:51  Probe  
  55  4:56  Probe, Sentry  
  55  4:58  Sentry  
  60  5:03  Probe  
  61  5:08  Probe  
  61  5:11  Gateway  
  62  5:14  Gateway  
  62  5:15  Probe, Forge  
  62  5:16  Sentry  
  62  5:20  Probe  
  66  5:26  Sentry  
  66  5:27  Probe  
  66  5:28  Pylon  
  69  5:32  Probe  
  69  5:33  Sentry  
  72  5:39  Probe  
  73  5:43  Pylon  
  73  5:46  Stalker, Probe (Chrono Boost)  
  73  5:48  Stalker  
  78  5:51  Probe (Chrono Boost)  
  78  5:52  Protoss Ground Weapons Level 1 (Chrono Boost)  
  78  5:55  Probe (Chrono Boost)  
  81  6:01  Probe (Chrono Boost)  
  81  6:02  Probe (Chrono Boost)  
  83  6:05  Probe (Chrono Boost)  
  85  6:13  Shield Battery  
  85  6:17  Stalker x4  
  91  6:23  Probe  
  91  6:25  Probe  
  89  6:26  Pylon  
  89  6:30  Probe, Pylon  
  90  6:33  Twilight Council  
  90  6:35  Probe  
  90  6:37  Probe  
  92  6:43  Probe  
  92  6:44  Adept x2  
  97  6:49  Sentry x2  
  101  6:56  Probe x2  
  101  6:58  Probe  
  83  7:08  Probe x2  
  83  7:10  Probe  
  83  7:11  Blink (Chrono Boost)  
  86  7:17  Stalker x3  
  86  7:19  Assimilator  
  86  7:21  Pylon  
  86  7:22  Assimilator  
  94  7:26  Pylon  
  94  7:28  Stalker  
  94  7:35  Shield Battery  
  94  7:36  Pylon  
  92  7:40  Gateway  
  92  7:41  Photon Cannon, Stalker x2  
  92  7:42  Stalker x2  
  92  7:43  Gateway  
  92  7:44  Gateway x2  
  86  8:04  Probe x3  
  76  8:13  Stalker x3  
  76  8:16  Probe (Chrono Boost)  
  76  8:19  Probe (Chrono Boost)  
  81  8:20  Probe (Chrono Boost)  
  81  8:25  Stalker  
  84  8:28  Probe (Chrono Boost), Stalker  
  84  8:32  Probe x2 (Chrono Boost), Stalker x2  
  84  8:33  Stalker, Probe (Chrono Boost)  
  94  8:37  Pylon  
  94  8:40  Probe x2  
  94  8:41  Adept  
  99  8:43  Probe, Adept  
  99  8:46  Sentry, Stalker  
  106  8:52  Probe  
  106  8:53  Probe  
  106  8:54  Pylon  
  106  8:55  Probe  
  108  8:59  Pylon  
  108  9:04  Probe  
  107  9:12  Templar Archives  
  105  9:18  Photon Cannon  
  105  9:19  Nexus  
  105  9:20  Photon Cannon  
  105  9:21  Shield Battery  
  105  9:22  Pylon x2  
  105  9:24  Zealot x3  
  109  9:25  Zealot  
  113  9:35  Sentry x2  
  113  9:36  Zealot x2  
  116  9:49  Photon Cannon  
  116  9:51  Shield Battery  
  106  9:53  Pylon  
  106  9:59  Adept x4  
  99  10:03  Adept x4  
  99  10:04  Probe  
Tags
 
Add a new tag
Caveats
  • Supply blocks, unpowered buildings, or Contaminate may cause inaccurate times.
  • Supply counts are checked every 10 seconds.